 Dungeon Crawl Stone Soup version 0.31.0-10-gcf4a605ca0 (webtiles) character file.

Game seed: 8538848970732046838

177596 Lurrus the Imperceptible (level 17, -14/139 HPs)
             Began as a Vampire Enchanter on Jan 25, 2024.
             Was the Champion of Ru.
             Killed from afar by Nikola (70 damage)
             ... with an arc of chain lightning
             ... on level 3 of the Spider Nest on Jan 26, 2024.
             The game lasted 01:45:32 (33944 turns).

Lurrus the Imperceptible (Vampire Enchanter)       Turns: 33944, Time: 01:45:32

Health: -14/139    AC: 14    Str:  4    XL:     17   Next: 54%
Magic:  26/26      EV: 17    Int: 24    God:    Ru [******]
Gold:   1468       SH:  0    Dex: 31    Spells: 17/28 levels left

rFire   + + .        U - +8 longbow "Zephyr" {speed, Dex+3 SInv}
rCold   . . .        (shield currently unavailable)
rNeg    . . .        b - +0 swamp dragon scales
rPois   +            i - +1 helmet
rElec   +            F - scarf of Dice, Bag, and Bottle {repulsion, Dex+4}
rCorr   .            v - +1 pair of gloves of Pibbeet {Will+ Dex+4}
SInv    +            W - +2 pair of boots {rampage}
Will    ++...        A - amulet of the acrobat
Stlth   +++++++++    g - ring of Niesk {rElec rPois rF++ Str-3 Int+6}
HPRegen 0.63/turn    Y - +4 ring of slaying
MPRegen 0.20/turn

%: repel missiles, acrobat, rampage
@: healing quickly, studying Staves
A: alive, fangs 3, see invisible, clumsy 1, inability to use devices, hated by
all, inability to train armour, no fire magic, no hexes magic, no necromancy
magic, vampiric 2
a: Exsanguinate, Renounce Religion, Draw Out Power, Power Leap, Apocalypse


You were on level 3 of the Spider Nest.
You worshipped Ru.
Ru was exalted by your worship.
You visited 5 branches of the dungeon, and saw 29 of its levels.
You also visited: Bailey.

You collected 5851 gold pieces.
You spent 4383 gold pieces at shops.

Inventory:

Hand Weapons
 U - the +8 longbow "Zephyr" (weapon) {speed, Dex+3 SInv}
   (You bought it in a shop on level 14 of the Dungeon)

   Dex+3:     It affects your dexterity (+3).
   SInv:      It lets you see invisible.
Missiles
 a - 7 curare-tipped darts {=f}
 w - 3 throwing nets {=f!f}
Armour
 b - +0 swamp dragon scales (worn)
 i - a +1 helmet (worn)
 v - the +1 pair of gloves of Pibbeet (worn) {Will+ Dex+4}
   (You acquired it on level 2 of the Spider Nest)

   Dex+4:     It affects your dexterity (+4).
   Will+:     It increases your willpower.
 C - the +4 ring mail "Heweo" {Fly}
   (You found it on level 3 of the Spider Nest)

   Fly:       It grants you flight.
 F - the scarf of Dice, Bag, and Bottle (worn) {repulsion, Dex+4}
   (You acquired it on level 2 of the Spider Nest)

   Dex+4:     It affects your dexterity (+4).
 I - a +0 troll leather armour
 L - the +4 skin of Zhor {*Englaciate rC+++ SInv}
   (You found it on level 3 of the Lair of Beasts)

   *Englaciate: It radiates cold, occasionally slowing all nearby creatures who
   are not resistant to cold.
   rC+++:     It renders you almost immune to cold.
   SInv:      It lets you see invisible.
 W - a +2 pair of boots of rampaging (worn)
Jewellery
 g - the ring of Niesk (left hand) {rElec rPois rF++ Str-3 Int+6}
   (You bought it in a shop on level 11 of the Dungeon)

   [ring of intelligence]

   Str-3:     It affects your strength (-3).
   Int+6:     It affects your intelligence (+6).
   rF++:      It greatly protects you from fire.
   rElec:     It insulates you from electricity.
   rPois:     It protects you from poison
 x - an amulet of magic regeneration
 A - an amulet of the acrobat (around neck)
 D - a +6 ring of dexterity
 P - a ring of poison resistance
 R - a ring of resist corrosion
 S - a +6 ring of strength
 Y - a +4 ring of slaying (right hand)
Scrolls
 f - a scroll of fear
 l - 3 scrolls of revelation
 o - 4 scrolls of enchant weapon
 q - 3 scrolls of vulnerability {!r!r}
 t - 3 scrolls of immolation {!r!r}
 u - 3 scrolls of poison {!r}
 z - 4 scrolls of amnesia
 B - a scroll of brand weapon
 G - 6 scrolls of fog
 K - 3 scrolls of enchant armour
 M - 3 scrolls of blinking {!r}
 N - 3 scrolls of silence {!r!r}
 O - 6 scrolls of identify {@r1}
 T - 3 scrolls of teleportation {@r4}
Potions
 c - 6 potions of mutation {!q}
 d - 7 potions of brilliance
 e - 7 potions of curing {@q1}
 h - 10 potions of enlightenment
 j - 5 potions of heal wounds {@q2}
 m - a potion of invisibility
 n - 3 potions of might
 p - 7 potions of lignification {!q}
 r - 6 potions of berserk rage {!q}
 s - 4 potions of haste {@q3}
 E - 3 potions of attraction {!q}
 H - 3 potions of ambrosia


   Skills:
 - Level 14.0 Fighting
 - Level 10.0 Short Blades
 + Level 13.7 Ranged Weapons
 - Level 15.0 Dodging
 - Level 24.0 Stealth
 - Level 6.0 Spellcasting


You had 17 spell levels left.
You knew the following spells:

 Your Spells              Type           Power      Damage    Failure   Level
c - Confusing Touch       Hex            7%         N/A       82%         3
d - Dazzling Flash        Conj/Hex       14%        N/A       82%         3
e - Ensorcelled Hibernat  Hex/Ice        14%        N/A       58%         2
t - Tukima's Dance        Hex            7%         N/A       82%         3

Your spell library contained the following spells:

 Spells                   Type           Power      Damage    Failure   Level
 Magic Dart               Conj           28%        1d4       43%         1
 Sandblast                Erth           14%        2d6       43%         1
 Searing Ray              Conj           14%        2d5       58%         2
 Passwall                 Erth           7%         N/A       82%         3
 Stone Arrow              Conj/Erth      14%        3d7       82%         3
 Brom's Barrelling Bould  Conj/Erth      7%         2d3       99%         4
 Fulminant Prism          Conj/Alch      3%         3d5       99%         4
 Iskenderun's Mystic Bla  Conj/Tloc      7%         2d4       99%         4
 Passage of Golubria      Tloc           7%         N/A       99%         4
 Slow                     Hex            Unusable   N/A       N/A         1
 Jinxbite                 Hex            Unusable   N/A       N/A         2
 Fugue of the Fallen      Necr           Unusable   N/A       N/A         3
 Volatile Blastmotes      Fire/Tloc      Unusable   2d11      N/A         3
 Anguish                  Hex/Necr       Unusable   N/A       N/A         4
 Cause Fear               Hex            Unusable   N/A       N/A         4
 Metabolic Englaciation   Hex/Ice        Unusable   N/A       N/A         5
 Yara's Violent Unravell  Hex/Alch       Unusable   3d4       N/A         5
 Malign Gateway           Summ/Tloc      Unusable   N/A       N/A         7
 Discord                  Hex            Unusable   N/A       N/A         8
 Summon Horrible Things   Summ           Unusable   N/A       N/A         8

Dungeon Overview and Level Annotations

Branches:
Dungeon (15/15)            Temple (0/1) D:6            Lair (5/5) D:11
  Swamp (4/4) Lair:2       Spider (3/4) Lair:2        Slime (0/5) Lair:4
    Orc (2/2) D:10            Elf (0/3) Orc:2        Vaults (0/5) D:14
 Depths (0/4) D:15         Bailey (visited)

Altars:
Ashenzari
Kikubaaqudgha
Ru
Sif Muna
Uskayaw

Shops:
D:10 *   D:11 =(   D:14 (*   Orc:2 ![??   Swamp:2 *

Annotations:
D:6 1 runed translucent door, mooncake's ghost, novice GnWn
D:14 3 runed translucent doors, Ytheofip's ghost, journeyman FoFi
D:15 2 transporters, sanka's ghost, journeyman TrSh
Lair:1 3 runed translucent doors, Xaytacwe's ghost, journeyman GnNe
Lair:4 exclusion: 2 oklob plants
Swamp:4 Louise; Mara
Spider:3 Bai Suzhen; Nikola


Innate Abilities, Weirdness & Mutations

Your natural rate of healing is accelerated.
You have razor-sharp teeth.
You have supernaturally acute eyesight. (SInv)
You are clumsy. (Dex -2)
You cannot study or use magical devices.
You are hated by all.
You cannot train Armour skill.
You cannot study or cast Fire magic.
You cannot study or cast Hexes magic.
You cannot study or cast Necromancy magic.
You are afflicted with vampirism and can become a bat while bloodless.


Message History

You shoot an arrow. The arrow hits the tarantella!
The tarantella's many legs skitter faintly.
You shoot an arrow. The arrow hits the tarantella!!
You kill the tarantella!
Unknown command.
You shoot an arrow. The arrow hits the tarantella.
The tarantella touches you!
You shoot an arrow. The arrow hits the tarantella!!!
You kill the tarantella!
You see here a tarantella corpse.
Key pressed, stopping explore.
No target in view!
A demonic crawler comes into view.
You shoot an arrow. The arrow hits the demonic crawler!!
Unknown command.
You shoot an arrow. The arrow hits the demonic crawler!!
You shoot an arrow. The arrow hits the demonic crawler!!!
You kill the demonic crawler!
No target in view!
O - 6 scrolls of identify {@r1} (gained 1) Nikola the Mad Inventor comes into view.
He is wielding a +1 rapier of electrocution and wearing a +0 cloak of poison resistance.
You shoot an arrow. The arrow hits Nikola!
Nikola shouts!
Nikola casts a spell.
Lightning arcs from Nikola's hands!
The bolt of lightning hits you!! You resist.
A bolt of lightning appears from out of thin air!
The bolt of lightning hits Nikola!
You focus your inner power and slow Nikola in retribution!
You shoot an arrow. The arrow barely misses Nikola.
You shoot an arrow. The arrow hits Nikola!!
Unknown command.
You shoot an arrow. The arrow hits Nikola!!
You shoot an arrow. The arrow barely misses Nikola.
You shoot an arrow. The arrow hits Nikola!!!
Nikola is no longer moving slowly.
Nikola gestures wildly while chanting.
Lightning arcs from Nikola's hands!
The bolt of lightning hits you!!! You resist.
* * * LOW HITPOINT WARNING * * *
A bolt of lightning appears from out of thin air!
The bolt of lightning hits Nikola.
You are too injured to fight recklessly!
Fire: U) +8 longbow "Zephyr" {speed, Dex+3 SInv}
Press: ? - help, Q - select action, (/) - cycle Shift-Dir - straight line, f/p - Nikola
Aim: Nikola, wielding a +1 rapier of electrocution, wearing a +0 cloak of poison resistance and wearing a +0 pair of gloves (heavily wounded, 81% to hit)
You shoot an arrow. The arrow hits Nikola!
Nikola gestures wildly while chanting.
Lightning arcs from Nikola's hands!
The bolt of lightning hits you!!! You resist.
Ouch! That really hurt!
You die...

#.................###......#
#.......##........###.....#
.......................###
.^......#..........#
#..#....##........^#
##.#######........#
##.#######.......##
........###......#
.........#.##...@#
........... #####@#
........... ... ...........
...# ###.##.### ..## ## ##
###


You could see Nikola.

Vanquished Creatures
  Arachne (Spider:3)
  Jorgrun (Swamp:2)
  2 thorn hunters
  Donald (Swamp:3)
  4 emperor scorpions
  2 fenstrider witches
  2 ghost moths
  3 ghouls (Swamp:1)
  A very ugly thing (D:13)
  Nessos (Lair:4)
  A broodmother (Spider:3)
  3 eleionomae
  A spark wasp (Spider:2)
  4 bunyips
  Snorg (D:10)
  An ettin (Orc:2)
  A fire dragon (D:14)
  Fannar (Lair:1)
  A shambling mangrove (Swamp:3)
  4 entropy weavers (Spider:1)
  12 hydras
  A vault guard (D:14)
  A rakshasa (D:15)
  12 alligators
  A catoblepas (D:13)
  3 radroaches
  2 ogre magi (Orc:2)
  7 boulder beetles
  3 ghost crabs
  7 centaur warriors
  12 two-headed ogres
  3 death yaks (Lair:4)
  2 occultists (D:15)
  A tengu warrior (D:14)
  7 demonic crawlers
  Urug (D:13)
  3 spriggans (Swamp:2)
  Nergalle (D:10)
  6 goliath frogs
  A pharaoh ant (Spider:2)
  A skyshark (Lair:2)
  3 skeletal warriors
  4 large abominations (D:10)
  6 swamp dragons
  2 deep trolls (Orc:2)
  A spriggan druid (Swamp:3)
  5 orb spiders
  Lodul (D:14)
  3 arcanists (D:10)
  A necromancer (D:13)
  7 bog bodies
  4 orc knights
  8 wolf spiders
  4 deep elf pyromancers
  2 steelbarb worms
  5 spectral spriggans (Swamp:1)
  8 ugly things
  4 will-o-the-wisps
  7 cyclopes
  2 manticores
  Maurice (D:8)
  6 meliai
  2 moths of wrath
  9 elephants
  Joseph (Lair:1)
  2 black mambas
  16 cane toads
  A gargoyle (D:12)
  3 kobold demonologists (D:9)
  2 torpor snails
  Maggie (Lair:2)
  5 rime drakes
  Jeremiah (D:6)
  An efreet (D:14)
  A freezing wraith (Swamp:1)
  An unseen horror (D:11)
  8 komodo dragons
  3 polar bears
  3 bloated husks (Swamp:1)
  6 tyrant leeches
  7 hornets
  Prince Ribbit (D:6)
  13 trolls
  13 tarantellas
  A raiju (shapeshifter) (D:13)
  24 blink frogs
  4 dream sheep (Lair:5)
  A centaur simulacrum (D:15)
  25 jumping spiders
  A shadow (D:12)
  7 slime creatures
  2 wraiths
  6 culicivoras
  43 yaks
  4 wyverns
  9 basilisks
  Grum (Lair:1)
  25 redbacks
  A steam dragon (Lair:2)
  6 wargs (Orc:1)
  Menkaure (D:7)
  A harpy simulacrum (D:15)
  15 vampire mosquitoes
  11 swamp worms
  3 acid dragons
  16 water moccasins
  A black bear (D:6)
  19 orc warriors
  4 swamp drakes
  A sky beast (D:6)
  4 laughing skulls (D:14)
  27 ogres
  11 centaurs
  4 boggarts
  20 wolves
  2 phantoms
  4 kobold brigands
  12 bullfrogs
  7 small abominations (D:10)
  A gnoll sergeant (D:4)
  4 scorpions
  11 killer bees
  8 electric eels
  7 howler monkeys
  19 jellies
  5 hounds
  11 orc priests
  Crazy Yiuf (D:6)
  A gnoll bouda (D:4)
  Jessica (D:2)
  3 sleepcaps
  17 orc wizards
  A scorpion zombie (D:13)
  5 iguanas
  2 hound zombies (D:13)
  Robin (D:2)
  7 adders
  8 gnolls
  4 ufetubi
  3 dart slugs
  A ribbon worm (D:2)
  56 orcs
  6 ball pythons
  A bat (D:3)
  14 endoplasms
  4 giant cockroaches
  24 goblins
  12 hobgoblins
  6 jackals
  31 kobolds
  7 quokkas
  A frilled lizard (D:2)
  5 rats
918 creatures vanquished.

Vanquished Creatures (collateral kills)
  A goblin (Bailey)
  2 kobolds (Bailey)
3 creatures vanquished.

Vanquished Creatures (others)
  An alligator (Swamp:1)
  A two-headed ogre (D:14)
  A skeletal warrior (D:15)
  A spectral spriggan (Swamp:1)
  2 bloated husks
  A tarantella (Spider:1)
  A tyrant leech (Swamp:2)
  A culicivora (Spider:2)
  A dancing weapon (Bailey)
  An ogre (Orc:2)
  An orc wizard (Orc:2)
  12 foxfires
24 creatures vanquished.

Grand Total: 945 creatures vanquished

Notes
Turn   | Place    | Note
-------+----------+-------------------------------------------
     0 | D:1      | Lurrus the Vampire Enchanter began the quest for the Orb.
     0 | D:1      | Reached XP level 1. HP: 13/13 MP: 3/3
   140 | D:1      | Reached XP level 2. HP: 19/19 MP: 5/5
   148 | D:1      | Reached skill level 5 in Stealth
   167 | D:1      | Learned a level 2 spell: Ensorcelled Hibernation
   349 | D:1      | You fall into a shaft and drop 1 floor!
   420 | D:2      | Noticed Robin
   432 | D:2      | Killed Robin
   433 | D:2      | Gained mutation: You are afflicted with vampirism and can
                  | become a bat while bloodless. [Vampire growth]
   433 | D:2      | Reached XP level 3. HP: 11/24 MP: 1/6
   630 | D:2      | Reached skill level 6 in Stealth
   765 | D:1      | Reached skill level 3 in Short Blades
   950 | D:1      | Reached XP level 4. HP: 30/30 MP: 7/7
  1528 | D:2      | Noticed Jessica
  1539 | D:2      | Killed Jessica
  1616 | D:2      | Found a faded altar of an unknown god.
  1662 | D:2      | Learned a level 3 spell: Confusing Touch
  2237 | D:3      | Reached skill level 7 in Stealth
  2368 | D:3      | Reached XP level 5. HP: 32/35 MP: 3/8
  3503 | D:4      | Reached skill level 8 in Stealth
  3503 | D:4      | Reached XP level 6. HP: 41/41 MP: 2/9
  4245 | D:4      | Reached skill level 3 in Spellcasting
  4377 | D:4      | Reached skill level 6 in Hexes
  4377 | D:4      | Reached XP level 7. HP: 46/46 MP: 8/11
  4508 | D:5      | Entered Level 5 of the Dungeon
  5034 | D:5      | Found a shimmering blue altar of Sif Muna.
  5311 | D:6      | Found a sacrificial altar of Ru.
  5313 | D:6      | Reached skill level 1 in Fighting
  5318 | D:6      | Noticed Prince Ribbit
  5324 | D:6      | Killed Prince Ribbit
  5325 | D:6      | Reached skill level 3 in Dodging
  5325 | D:6      | Reached XP level 8. HP: 56/56 MP: 11/14
  5326 | D:6      | Became a worshipper of Ru the Awakened
  5443 | D:6      | Reached skill level 3 in Fighting
  5750 | D:6      | Reached skill level 6 in Dodging
  6018 | D:6      | Noticed Jeremiah
  6027 | D:6      | Killed Jeremiah
  6054 | D:6      | Found a staircase to the Ecumenical Temple.
  6094 | D:6      | Noticed mooncake's ghost (novice GnWn)
  6095 | D:6      | Found a runed translucent door.
  6470 | D:6      | Found a runed translucent door.
  6471 | D:6      | Noticed Crazy Yiuf
  6472 | D:6      | Identified the +8 hammer "Puq Qoi" {flame, rPois Stlth+}
  6479 | D:6      | Killed Crazy Yiuf
  6674 | D:7      | Reached XP level 9. HP: 63/63 MP: 15/15
  6825 | D:7      | Reached skill level 9 in Stealth
  6854 | D:7      | Reached skill level 6 in Short Blades
  7005 | D:7      | Reached skill level 10 in Stealth
  7258 | D:7      | Found a broken altar of Ashenzari.
  7281 | D:7      | Noticed Menkaure
  7288 | D:7      | Killed Menkaure
  7739 | D:8      | Reached skill level 11 in Stealth
  7776 | D:8      | Reached skill level 12 in Stealth
  7799 | D:8      | Reached XP level 10. HP: 58/70 MP: 3/16
  8107 | D:8      | Noticed Maurice
  8112 | D:8      | Killed Maurice
  8412 | D:9      | Found an ancient bone altar of Kikubaaqudgha.
  8482 | D:9      | Found a flagged portal.
  8488 | Bailey   | Entered a bailey
  8584 | Bailey   | Reached skill level 6 in Spellcasting
  8586 | Bailey   | Noticed an orc knight
  8602 | Bailey   | Killed an orc knight
  8603 | Bailey   | Reached skill level 6 in Fighting
  8693 | Bailey   | Learned a level 3 spell: Tukima's Dance
  8697 | Bailey   | Learned a level 3 spell: Dazzling Flash
  9145 | D:9      | Reached skill level 9 in Hexes
  9215 | D:9      | Gained mutation: You cannot study or use magical devices.
                  | [Ru sacrifice]
  9215 | D:9      | Reached * piety under Ru
  9215 | D:9      | Reached ** piety under Ru
  9331 | D:9      | Reached skill level 9 in Short Blades
  9345 | D:9      | Reached XP level 11. HP: 72/81 MP: 0/20
  9735 | D:10     | Entered Level 10 of the Dungeon
  9735 | D:10     | Noticed Snorg
  9838 | D:10     | Found a staircase to the Orcish Mines.
  9892 | D:10     | Noticed Nergalle
  9899 | D:10     | Killed Nergalle
 10018 | D:10     | Found a hide-covered altar of Uskayaw.
 10074 | D:10     | Killed Snorg
 10189 | D:10     | Reached skill level 13 in Stealth
 10373 | D:10     | Found Zacib's Assorted Antiques.
 10446 | D:10     | Noticed an arcanist
 10451 | D:10     | Killed an arcanist
 10452 | D:10     | Reached skill level 9 in Dodging
 10454 | D:10     | Noticed a large abomination
 10454 | D:10     | Noticed a large abomination
 10471 | D:10     | Noticed a large abomination
 10819 | D:11     | Found a staircase to the Lair.
 10841 | D:11     | Reached skill level 14 in Stealth
 11067 | D:11     | Found Fokheuku's Hydra Hut.
 11069 | D:11     | Noticed a six-headed hydra
 11158 | D:11     | Found Tijawu's Jewellery Boutique.
 11416 | D:12     | Reached skill level 15 in Stealth
 11510 | D:12     | Reached XP level 12. HP: 88/88 MP: 19/21
 12332 | D:13     | Noticed a catoblepas
 12338 | D:13     | Killed a catoblepas
 12339 | D:13     | Reached skill level 12 in Dodging
 12350 | D:13     | Noticed a boulder beetle
 12354 | D:13     | Killed a boulder beetle
 12429 | D:13     | Noticed Urug
 12470 | D:13     | Killed Urug
 12506 | D:13     | Found an ancient bone altar of Kikubaaqudgha.
 12559 | D:13     | Noticed a seven-headed hydra
 12566 | D:13     | Killed a seven-headed hydra
 12792 | D:13     | Noticed a two-headed ogre
 12801 | D:13     | Killed a two-headed ogre
 12858 | D:13     | Noticed a centaur warrior
 12863 | D:13     | Killed a centaur warrior
 13039 | D:13     | Noticed a boulder beetle
 13049 | D:13     | Killed a boulder beetle
 13182 | Lair:1   | Entered Level 1 of the Lair of Beasts
 13245 | Lair:1   | Reached skill level 15 in Dodging
 13436 | Lair:1   | Gained mutation: You cannot train Armour skill. [Ru
                  | sacrifice]
 13436 | Lair:1   | Reached *** piety under Ru
 13458 | Lair:1   | Noticed Grum
 13517 | Lair:1   | Killed Grum
 13673 | Lair:1   | Noticed Fannar
 13686 | Lair:1   | Noticed Joseph
 13690 | Lair:1   | Killed Fannar
 13697 | Lair:1   | Reached XP level 13. HP: 48/95 MP: 18/22
 13703 | Lair:1   | Killed Joseph
 13729 | Lair:1   | Reached skill level 16 in Stealth
 13759 | Lair:1   | Found a runed translucent gate.
 13759 | Lair:1   | Found a runed translucent gate.
 13966 | Lair:1   | Found a runed translucent gate.
 13972 | Lair:1   | Noticed Xaytacwe's ghost (journeyman GnNe)
 14331 | Lair:2   | Noticed Maggie
 14339 | Lair:2   | Killed Maggie
 14470 | Lair:2   | Found a hole to the Spider Nest.
 14789 | Lair:2   | Found a staircase to the Swamp.
 14916 | Lair:2   | Reached skill level 17 in Stealth
 15162 | Lair:3   | Found the +4 skin of Zhor {*Englaciate rC+++ SInv}
 15454 | Lair:3   | Reached skill level 18 in Stealth
 15480 | Lair:3   | Reached skill level 9 in Fighting
 15981 | Lair:4   | Noticed Nessos
 15983 | Lair:4   | Killed Nessos
 16045 | Lair:4   | Gained mutation: You are hated by all. [Ru sacrifice]
 16045 | Lair:4   | Reached **** piety under Ru
 16177 | Lair:4   | Found a staircase to the Slime Pits.
 16187 | Lair:4   | Reached skill level 19 in Stealth
 17017 | Lair:5   | Entered Level 5 of the Lair of Beasts
 17059 | Lair:5   | Reached XP level 14. HP: 109/109 MP: 12/23
 17258 | Lair:5   | Reached skill level 20 in Stealth
 18029 | Lair:5   | Reached skill level 21 in Stealth
 18641 | Orc:1    | Entered Level 1 of the Orcish Mines
 19400 | Orc:2    | Entered Level 2 of the Orcish Mines
 19551 | Orc:2    | Found Wosch's Distillery.
 19563 | Orc:2    | Paralysed by an ogre mage for 2 turns
 19615 | Orc:2    | Reached skill level 22 in Stealth
 19749 | Orc:2    | Found a staircase to the Elven Halls.
 20078 | Orc:2    | Reached skill level 12 in Fighting
 20233 | Orc:2    | Found Jaum's Armour Shoppe.
 20238 | Orc:2    | Found Tepith's Magic Scroll Shop.
 20271 | Orc:2    | Reached XP level 15. HP: 78/120 MP: 13/24
 20365 | Orc:2    | Found Atseocem's Magic Scroll Emporium.
 20571 | Orc:2    | Bought a scroll of acquirement for 780 gold pieces
 20571 | Orc:2    | Bought a scroll of acquirement for 780 gold pieces
 20574 | Orc:2    | Acquired the Compilation of Vexing Snow
 20575 | Orc:2    | Acquired a +2 pair of boots of rampaging
 20747 | D:14     | Found Tuzaske Qeny's Weapon Emporium.
 20982 | D:14     | Noticed Lodul
 20987 | D:14     | Killed Lodul
 21192 | D:13     | Gained mutation: You are clumsy. (Dex -2) [Ru sacrifice]
 21192 | D:13     | Reached ***** piety under Ru
 21386 | D:14     | Found Ryremast's Mayhem Merchandise.
 21455 | D:14     | Found a runed translucent gate.
 21489 | D:14     | Reached skill level 23 in Stealth
 22125 | D:14     | Found a runed translucent gate.
 22125 | D:14     | Noticed Ytheofip's ghost (journeyman FoFi)
 22126 | D:14     | Found a runed translucent gate.
 22361 | D:14     | Found a gate to the Vaults.
 22534 | D:14     | Bought the +8 longbow "Zephyr" {speed, Dex+3 SInv} for 1155
                  | gold pieces
 22534 | D:14     | Found the +8 longbow "Zephyr" {speed, Dex+3 SInv}
 22540 | D:15     | Entered Level 15 of the Dungeon
 22821 | D:15     | Found a transporter.
 22931 | D:15     | Noticed sanka's ghost (journeyman TrSh)
 22947 | D:15     | Found a transporter.
 23541 | D:15     | Reached skill level 24 in Stealth
 23727 | D:15     | Found a broken altar of Ashenzari.
 23904 | D:15     | Found a staircase to the Depths.
 24125 | D:10     | Reached skill level 1 in Ranged Weapons
 24601 | Orc:2    | Bought a scroll of blinking for 112 gold pieces
 24601 | Orc:2    | Bought a scroll of fear for 60 gold pieces
 24601 | Orc:2    | Bought 3 scrolls of amnesia for 180 gold pieces
 24693 | D:10     | Bought a scroll of teleportation for 96 gold pieces
 24789 | Swamp:1  | Entered Level 1 of the Swamp
 24808 | Swamp:1  | Reached skill level 3 in Ranged Weapons
 24913 | Swamp:1  | Noticed a fenstrider witch
 24918 | Swamp:1  | Killed a fenstrider witch
 24959 | Swamp:1  | Gained mutation: You cannot study or cast Fire magic. [Ru
                  | sacrifice]
 24959 | Swamp:1  | Gained mutation: You cannot study or cast Hexes magic. [Ru
                  | sacrifice]
 24959 | Swamp:1  | Gained mutation: You cannot study or cast Necromancy magic.
                  | [Ru sacrifice]
 24959 | Swamp:1  | Reached ****** piety under Ru
 25311 | Swamp:1  | Reached XP level 16. HP: 133/133 MP: 25/25
 25598 | Swamp:1  | Reached skill level 6 in Ranged Weapons
 26291 | Swamp:2  | Found Turut's Island Escapes.
 26330 | Swamp:2  | Noticed a thorn hunter
 26337 | Swamp:2  | Killed a thorn hunter
 26541 | Swamp:2  | Noticed Jorgrun
 26552 | Swamp:2  | Killed Jorgrun
 27151 | Swamp:2  | Bought a scroll of blinking for 97 gold pieces
 27151 | Swamp:2  | Bought a scroll of teleportation for 39 gold pieces
 27151 | Swamp:2  | Bought a scroll of teleportation for 39 gold pieces
 27151 | Swamp:2  | Bought a potion of haste for 130 gold pieces
 27313 | Swamp:3  | Noticed Donald
 27317 | Swamp:3  | Killed Donald
 27331 | Swamp:3  | Paralysed by a hornet for 1 turns
 27336 | Swamp:3  | Reached skill level 9 in Ranged Weapons
 27993 | Swamp:4  | Entered Level 4 of the Swamp
 28515 | Swamp:4  | Noticed a thorn hunter
 28540 | Swamp:3  | Killed a thorn hunter
 28822 | Swamp:4  | Noticed Louise
 28822 | Swamp:4  | Noticed Mara
 29570 | Spider:1 | Entered Level 1 of the Spider Nest
 29608 | Spider:1 | You fall into a shaft and drop 1 floor!
 30011 | Spider:1 | Identified the +1 quarterstaff of Wrongful Imprisonment
                  | {venom, rF+ rN+}
 30351 | Spider:1 | Reached XP level 17. HP: 26/139 MP: 26/26
 31470 | Spider:2 | Reached skill level 12 in Ranged Weapons
 32807 | Spider:3 | Identified the +4 ring mail "Heweo" {Fly}
 33200 | Spider:3 | Noticed Arachne
 33209 | Spider:3 | Noticed Bai Suzhen
 33215 | Spider:3 | Killed Arachne
 33320 | Spider:2 | Acquired 774 gold pieces
 33321 | Spider:2 | Acquired 1189 gold pieces
 33324 | Spider:2 | Acquired the scarf of Dice, Bag, and Bottle {repulsion,
                  | Dex+4}
 33338 | Spider:2 | Acquired the +1 pair of gloves of Pibbeet {Will+ Dex+4}
 33479 | D:11     | Bought the ring of Niesk {rElec rPois rF++ Str-3 Int+6} for
                  | 915 gold pieces
 33937 | Spider:3 | Noticed Nikola
 33944 | Spider:3 | Killed from afar by Nikola

Illustrated notes

Levels and vault maps discovered:
D:1:      sevenhm_arrival_forest_fort_large_2, layout_rooms
D:2:      layout_basic, basic_ecumenical_altar, uniq_jessica, uniq_robin
D:3:      layout_basic
D:4:      minmay_chambers_of_fours, layout_loops_corners, minmay_mini_jars
D:5:      layout_loops_ring, hellmonk_sif_muna_bookshelves
D:6:      layout_basic, lemuel_crystal_altar, minmay_temple_entry_grid,
          hellmonk_ghost_happy_afterlife, uniq_prince_ribbit1, uniq_jeremiah,
          uniq_crazy_yiuf_cottage
D:7:      layout_rooms, mainiacjoe_overflow_cross_hatched,
          minmay_fractal_squares_diagonal_5, uniq_menkaure
D:8:      layout_cave_pools, serial_park, serial_park_square1
          [serial_park_minivault_5x5_2], serial_park_gazebo
          [serial_park_minivault_5x5_5], serial_park_square2,
          serial_park_tiny_pond, kennysheep_generic_room_7, uniq_maurice
D:9:      layout_rooms, mainiacjoe_overflow_six_doors_small, enter_bailey_3
D:10:     cheibrodos_breeding_chamber, layout_irregular_city,
          nicolae_uskayaw_dance_studio, serial_shops, nicolae_shop_tiny_glass,
          laboratory, uniq_snorg, uniq_nergalle
D:11:     layout_rooms, lair_entry_dummy, serial_shops,
          nicolae_shop_real_fake_doors, doesnt_shop_hydraphobe
D:12:     layout_basic, serial_rivers, chequers_serial_rivers_room_b,
          chequers_serial_rivers_small_b, chequers_serial_rivers_large_a,
          chequers_serial_rivers_small_3, chequers_serial_rivers_micro_e
D:13:     layout_basic, serial_corexii_hall, chequers_hall_statues_corner_a,
          chequers_hall_statues_y, lemuel_zombie_altar_kikubaaqudgha, uniq_urug
D:14:     layout_cave_pools, david_vaults_5, serial_shops,
          nicolae_shop_bloodbath_and_beyond, gammafunk_ghost_hydra_chop,
          minmay_shop_mayhem, uniq_lodul
D:15:     grunt_enter_depths_magical_seal, layout_irregular_city,
          evilmike_ruin_ashenzari, gammafunk_ghost_berserking_beasts,
          nicolae_letterblocks [nicolae_letter_subblock,
          nicolae_letter_subblock, nicolae_letter_subblock,
          nicolae_letter_subblock, nicolae_letter_subblock,
          nicolae_letter_subblock, nicolae_letter_subblock,
          nicolae_letter_subblock, nicolae_letter_subblock,
          nicolae_letter_subblock, nicolae_letter_subblock,
          nicolae_letter_subblock, nicolae_letter_subblock,
          nicolae_letter_subblock, nicolae_letter_subblock,
          nicolae_letter_subblock, nicolae_letter_subblock,
          nicolae_letter_subblock, nicolae_letter_subblock,
          nicolae_letter_subblock, nicolae_letter_subblock,
          nicolae_letter_subblock, nicolae_letter_subblock,
          nicolae_letter_subblock, nicolae_letter_subblock]
Lair:1:   layout_cave_pods, gammafunk_ghost_necromancy, grunt_megastairs_3,
          uniq_grum, uniq_fannar, uniq_joseph
Lair:2:   layout_roguey, nicolae_swamp_entry_splash_gauntlet,
          nicolae_spider_entry_orb_guardian, minivault_27, serial_bayou_shore_a,
          grunt_megastairs_2, uniq_maggie
Lair:3:   wander_river, layout_gridlike, hellmonk_guarded_unrand_zhor
Lair:4:   layout_regular_city, minmay_slime_entry_jelly_boxes,
          hangedman_lair_unloving_vines, dpeg_oklob_1, uniq_nessos
Lair:5:   minmay_lair_end_frog_pond, layout_cave_pods,
          kennysheep_basilisk_garden, serial_bayou_shore_b
Swamp:1:  nicolae_swamp_flooded_prison, layout_falls_marsh,
          evilmike_swamp_ruin_house_2, swamp_pool_1_2
Swamp:2:  cheibrodos_swamp_tower_of_moss, layout_basic_swamp, serial_swamp_ruin,
          evilmike_swamp_ruin_house_1, hangedman_swamp_ruin_wall,
          evilmike_swamp_ruin_rubble_2, swamp_pool_1_2, nicolae_island_escapes,
          uniq_jorgrun
Swamp:3:  layout_basic_swamp, evilmike_swamp_ruin_rubble_1, uniq_donald
Swamp:4:  swamp_alternative, layout_basic_swamp, swamp_pool_1_2,
          nicolae_swamp_bunyip_nook, uniq_louise, uniq_mara
Spider:1: layout_spider_delve
Spider:2: nicolae_spider_jumping_over_cracks [nicolae_spider_jumping_sub_rim,
          nicolae_spider_jumping_sub_shuffled, nicolae_spider_jumping_sub_moat,
          nicolae_spider_jumping_sub_lanes]
Spider:3: layout_chambers, uniq_arachne, uniq_nikola, uniq_bai_suzhen
Orc:1:    cheibrodos_orc_guarddog, layout_caves
Orc:2:    st_orc_open, layout_diamond_mine, basic_altar, mines1_david

Skill      XL: |  1  2  3  4  5  6  7  8  9 10 11 12 13 14 15 16 17 |
---------------+----------------------------------------------------+-----
Stealth        | 5 6 7 8 12 15 19 22 24 | 24.0
Short Blades   | 2 3 4 5 8 9 10 | 10.0
Hexes          | 6 8 9 10 0 |  0.0
Spellcasting   | 3 4 6 |  6.0
Fighting       | 2 3 6 9 12 14 | 14.0
Dodging        | 3 8 11 15 | 15.0
Ranged Weapons | 5 11 13 | 13.7

Action                     |  1- 3 |  4- 6 |  7- 9 | 10-12 | 13-15 | 16-18 || total
---------------------------+-------+-------+-------+-------+-------+-------++-------
  Melee: Dagger            |    86 |   123 |   156 |   407 |   834 |       ||  1606
         Bite              |     8 |    15 |    14 |    42 |   122 |       ||   201
         Punch             |     1 |       |     3 |    10 |     3 |       ||    17
   Fire: Longbow           |       |       |       |       |   291 |   956 ||  1247
   Cast: Ensorcelled Hiber |    18 |    51 |    71 |   188 |   361 |       ||   689
         Confusing Touch   |       |     2 |     3 |    27 |    38 |       ||    70
         Tukima's Dance    |       |       |       |     1 |       |       ||     1
 Invoke: Reject Sacrifices |       |       |     1 |     1 |     1 |       ||     3
         Sacrifice Artific |       |       |       |     1 |       |       ||     1
         Sacrifice Durabil |       |       |       |     1 |       |       ||     1
         Sacrifice Love    |       |       |       |       |     1 |       ||     1
         Sacrifice Purity  |       |       |       |       |     1 |       ||     1
         Sacrifice Arcana  |       |       |       |       |     1 |       ||     1
         Draw Out Power    |       |       |       |       |       |     1 ||     1
         Power Leap        |       |       |       |       |       |     1 ||     1
  Evoke: Wand              |       |       |    14 |    22 |       |       ||    36
    Use: Potion            |     1 |     1 |       |     1 |     5 |     5 ||    13
         Scroll            |       |     7 |     5 |     6 |    16 |     7 ||    41
   Stab: Sleeping          |    17 |    45 |    52 |   110 |   207 |       ||   431
         Invisible         |     3 |     1 |       |     2 |    31 |       ||    37
         Distracted        |       |     2 |     1 |     4 |     7 |       ||    14
         Confused          |       |     1 |     2 |    24 |    35 |       ||    62
 Armour: Robe              |    41 |    56 |    85 |    44 |       |       ||   226
         Troll leather arm |       |       |       |   114 |    65 |       ||   179
         Animal skin       |       |       |       |       |   226 |   142 ||   368
         Swamp dragon scal |       |       |       |       |       |   129 ||   129
  Dodge: Dodged            |    48 |    85 |   154 |   438 |   806 |   492 ||  2023
  Block: Buckler           |       |       |       |       |   277 |       ||   277
